 Dungeon Crawl Stone Soup version 0.18.1-8-gdd0e5ea (webtiles) character file.

37 pipel the Sneak (level 3, -1/14 HPs)
             Began as a Spriggan Enchanter on May 21, 2016.
             Killed by nerve-wracking pain
             ... invoked by Jessica
              (7 damage)
             ... on level 3 of the Dungeon.
             The game lasted 00:06:55 (910 turns).

pipel the Sneak (Spriggan Enchanter)                 Turns: 910, Time: 00:06:56

Health: -1/14      AC:  7    Str:  6    XL:     3   Next: 23%
Magic:  1/8        EV: 18    Int: 17    God:
Gold:   73         SH:  0    Dex: 15    Spells: 3 memorised, 2 levels left

rFire  . . .     SeeInvis +     a - +1 dagger
rCold  . . .     Gourm    .     b - +1 robe
rNeg   . . .     Faith    +     (shield restricted)
rPois  .         Spirit   .     (helmet restricted)
rElec  .         Dismiss  .     (no cloak)
rCorr  .         Reflect  .     (gloves unavailable)
SustAt .         Harm     .     (boots unavailable)
MR     .....                    g - amulet of faith
Stlth  +++.......               (no ring)
                                (no ring)

@: very slightly contaminated, very quick, not resistant to hostile
enchantments, fairly stealthy
A: unfitting armour, rough black scales 1, see invisible, herbivore 3, speed 3,
frail 1, slow metabolism 2, strong 1
a: no special abilities


You were on level 3 of the Dungeon.
You were not hungry.

You visited 1 branch of the dungeon, and saw 3 of its levels.

You collected 73 gold pieces.

Inventory:

Hand Weapons
 a - a +1 dagger (weapon)
 f - a +2 trident of venom
 h - a +0 spear
Armour
 b - a +1 robe (worn)
Jewellery
 g - an amulet of faith (around neck)
Scrolls
 e - a scroll of identify
 n - a scroll of fear
Books
 c - a book of Maledictions

   Spells                             Type                      Level
   a - Corona                         Hexes                        1
   b - Ensorcelled Hibernation        Hexes/Ice                    2
   c - Confuse                        Hexes                        3
   d - Tukima's Dance                 Hexes                        3
   e - Dazzling Spray                 Conjuration/Hexes            3
 k - a book of Battle

   Spells                             Type                      Level
   a - Infusion                       Charms                       1
   b - Shroud of Golubria             Charms/Translocation         2
   c - Song of Slaying                Charms                       2
   d - Spectral Weapon                Hexes/Charms                 3
   e - Regeneration                   Charms/Necromancy            3
Comestibles
 d - a bread ration


   Skills:
 + Level 1.3 Short Blades
 + Level 3.3 Dodging
 + Level 5.7 Stealth
 + Level 3.1 Spellcasting
 + Level 3.8 Hexes


You had 2 spell levels left.
You knew the following spells:

 Your Spells              Type           Power        Failure   Level  Hunger
a - Corona                Hex            ###....      3%          1    None
d - Tukima's Dance        Hex            ###.....     12%         3    ###....
h - Ensorcelled Hibernat  Hex/Ice        #.....       14%         2    ##.....


Dungeon Overview and Level Annotations

Branches:
Dungeon (3/15)

Altars:
Elyvilon

Annotations:
D:2 Ijyb
D:3 Jessica


Innate Abilities, Weirdness & Mutations

You are tiny and cannot use many weapons and most armour.
You have supernaturally acute eyesight.
You are a herbivore.
You cover ground extremely quickly.
You need consume almost no food.
You are partially covered in rough black scales (AC +4, Dex -1).
You are frail (-10% HP).
Your muscles are strong. (Str +2)


Message History

You now have 4/8 mp.
Casting: Ensorcelled Hibernation
Confirm with . or Enter, or press ? or * to list all spells.
Aiming: Ensorcelled Hibernation
Press: ? - help, Shift-Dir - straight line, f/p - Jessica
Aim: Jessica, wielding a club and wearing a robe (chance to defeat MR: 50%) Jessica resists with some effort.
Jessica barely misses you.
You now have 3/8 mp.
Casting: Ensorcelled Hibernation
Confirm with . or Enter, or press ? or * to list all spells.
Aiming: Ensorcelled Hibernation
Press: ? - help, Shift-Dir - straight line, f/p - Jessica
Aim: Jessica, wielding a club and wearing a robe (chance to defeat MR: 50%) Jessica resists with some effort.
The rat misses you. Jessica barely misses you.
You now have 1/8 mp.
Jessica gestures at you while chanting. Pain shoots through your body!
Ouch! That really hurt!
You die...

,,,,,,,**,..,,,,*
#...(.†.#
,,,,,,,**##.*****
#.......#
,,,,,,,**,..######
#.......#
,,,,,,,**,*#.....#
#......##
,,*******,*#.....#
#......# ,,,,,*
*,*#.....# #......#
,,,*,*
*,*#....@#######......#
,,,*,*
*,*#..%r.......'..>...#
,,,*,*
*,*#...!@.######......#
,,,*,****,*#......#
#......#
,,,*,,,,,,*#......#
#......#
,,,********######.#
#......#
,,,,,,,,,,,,,,,,..#
########
****************###


You could see Jessica and a rat.

Vanquished Creatures
  A worm (D:3)
  7 bats
  A giant cockroach (D:2)
  5 goblins
  A hobgoblin (D:1)
  4 jackals (D:2)
  A ball python (D:1)
  3 giant newts (D:1)
  6 kobolds
  5 rats (D:1)
34 creatures vanquished.

Notes
Turn   | Place    | Note
--------------------------------------------------------------
     0 | D:1      | pipel the Spriggan Enchanter began the quest for the Orb.
     0 | D:1      | Reached XP level 1. HP: 9/9 MP: 5/5
   131 | D:1      | Reached skill level 5 in Stealth
   180 | D:1      | Reached XP level 2. HP: 13/13 MP: 6/6
   184 | D:1      | Learned a level 2 spell: Ensorcelled Hibernation
   208 | D:1      | You fall through a shaft!
   405 | D:2      | Found a white marble altar of Elyvilon.
   726 | D:2      | Reached XP level 3. HP: 16/16 MP: 1/8
   758 | D:2      | Noticed Ijyb
   764 | D:2      | Learned a level 3 spell: Tukima's Dance
   824 | D:2      | Gained mutation: You are frail (-10% HP). [potion of mutation]
   824 | D:2      | Gained mutation: You are partially covered in rough black scales (AC +4, Dex -1). [potion of mutation]
   824 | D:2      | Gained mutation: Your muscles are strong. (Str +2) [potion of mutation]
   899 | D:3      | Noticed Jessica
   910 | D:3      | Killed from afar by Jessica

Skill      XL: |  1  2 |
---------------+-------+-----
Stealth        | 5 |  5.7
Spellcasting   | 3 |  3.1
Short Blades   | |  1.3
Dodging        | |  3.3
Hexes          | |  3.8

Action                   || total
-------------------------++-------
Melee: Dagger            ||    81
 Cast: Ensorcelled Hiber ||    17
  Use: Scroll            ||     4
       Potion            ||     3
 Stab: Sleeping          ||    20
Armor: Robe              ||    11
Dodge: Dodged            ||    63
